Map: Lock & Load

Players

ScottTribe

  • Race: Terran Terran
  • Spawn Location: 7:00

BunnyLove

  • Race: Terran Terran

VOD

Have the link to the VOD?

Description

Time

  • Played on: March 19, 2018, 4:09 p.m.
  • Length: 15:02
Show
View Real Time Build Order
Export as new Build Order

ScottTribe Terran 

Build Orders:  

Get SALT Encoding   

  12  0:08  SCV  
Show
View Real Time Build Order
Export as new Build Order

BunnyLove Terran 

Build Orders:  

Get SALT Encoding   

  12  0:05  Starport Tech Lab  
  12  0:08  SCV  
  13  0:25  SCV  
  13  0:26  Supply Depot  
  15  0:42  SCV  
  16  1:01  SCV  
  16  1:09  Assault Galleon  
  16  1:18  SCV  
  17  1:35  SCV  
  19  1:52  SCV  
  19  2:09  SCV  
  20  2:13  Command Center  
  20  2:17  Refinery  
  20  2:20  Refinery  
  20  2:26  SCV  
  21  2:33  Reaper  
  23  2:43  SCV  
  23  2:44  Supply Depot  
  23  2:57  Reaper  
  25  3:00  SCV  
  25  3:11  Reaper  
  25  3:17  SCV  
  25  3:19  Engineering Bay  
  27  3:26  Reaper  
  29  3:34  SCV  
  30  3:51  SCV  
  30  4:03  Jetpack Overdrive  
  30  4:05  Command Center  
  30  4:08  SCV  
  32  4:12  SCV  
  33  4:24  SCV  
  33  4:29  SCV, Assault Galleon  
  35  4:41  SCV  
  35  4:44  Reaper  
  35  4:46  SCV  
  37  4:54  Reaper  
  40  5:04  SCV x2  
  40  5:06  LE9 Cluster Charges  
  40  5:07  Assault Galleon  
  41  5:21  SCV  
  41  5:26  SCV  
  42  5:31  Assault Galleon  
  42  5:34  Reaper x2  
  42  5:38  SCV  
  46  5:43  SCV  
  46  5:55  SCV  
  47  6:05  Assault Galleon  
  49  6:11  SCV  
  49  6:12  SCV  
  49  6:14  Refinery  
  49  6:16  Reaper x2  
  51  6:20  Reaper  
  51  6:22  Theia Raven  
  51  6:26  Reaper  
  51  6:27  SCV  
  51  6:29  SCV  
  57  6:37  Reaper x2  
  57  6:39  Reaper x2  
  58  7:00  Supply Depot  
  58  7:01  SCV  
  58  7:02  SCV  
  58  7:03  Refinery  
  58  7:18  SCV  
  58  7:19  SCV  
  60  7:20  Armory  
  60  7:28  Reaper x2  
  62  7:30  Reaper x3  
  62  7:33  Theia Raven  
  62  7:35  SCV  
  69  7:40  SCV  
  69  7:43  Supply Depot  
  69  7:45  Supply Depot  
  69  7:46  Reaper x2  
  69  7:47  Reaper  
  69  7:48  Reaper  
  69  7:49  Reaper  
  74  7:56  Reaper x2  
  74  7:57  Reaper  
  74  7:58  Reaper  
  78  8:01  Reaper  
  78  8:06  Reaper  
  78  8:12  Reaper  
  78  8:13  Reaper x3  
  78  8:16  Reaper  
  78  8:26  Reaper x3  
  78  8:27  Reaper x2  
  81  8:36  Reaper x4  
  81  8:37  Reaper  
  86  8:46  Reaper x2  
  87  8:50  Reaper x2  
  87  8:51  Reaper  
  87  8:56  Reaper x2  
  88  9:00  Reaper x2  
  88  9:01  Reaper  
  88  9:06  Reaper x2  
  92  9:10  Reaper x2  
  92  9:11  Reaper  
  92  9:16  Reaper x2  
  95  9:21  Reaper x2  
  95  9:22  Reaper  
  95  9:26  Reaper x2  
  88  9:31  Reaper x2  
  88  9:32  Reaper  
  88  9:35  Reaper  
  88  9:36  Reaper  
  90  9:41  Reaper x3  
  90  9:44  Theia Raven  
  95  9:56  SCV  
  95  9:57  SCV  
  97  10:05  Reaper x5  
  104  10:14  Supply Depot, SCV x2  
  104  10:19  Supply Depot  
  104  10:29  Reaper x5  
  110  10:31  SCV  
  110  10:45  Reaper x3  
  110  10:46  Reaper x2  
  115  10:55  Reaper x3  
  115  10:56  Reaper x2  
  120  11:05  Reaper x3  
  123  11:16  Tactical Jump  
  123  11:28  Reaper x2  
  125  11:55  Reaper x2  
  126  12:00  Reaper  
  126  12:01  Reaper x2  
  126  12:04  Reaper  
  130  12:14  Reaper x4  
  130  12:15  Reaper  
  130  12:19  Trigger Override  
  134  12:24  Reaper x4  
  134  12:25  Reaper  
  133  12:34  Reaper x5  
  137  12:43  Reaper, Supply Depot  
  137  12:44  Reaper x4  
  137  12:45  Supply Depot  
  142  13:13  Reaper x2  
  142  13:14  Reaper x2  
  142  13:17  Supply Depot  
  142  13:18  Supply Depot, SCV x2  
  148  13:22  Multi-Threaded Sensors  
  145  13:45  Reaper x3  
  142  14:07  Asteria Wraith  
Tags
 
Commander
HornerRaynor
Matchup
Co-op
Replay Pack
Co-op Speedrun
Add a new tag
Caveats
  • Supply blocks, unpowered buildings, or Contaminate may cause inaccurate times.
  • Supply counts are checked every 10 seconds.